 Dungeon Crawl Stone Soup version 0.28-a0-258-g8de209e91f (webtiles) character file.

Game seed: 12393326952194669459

1180 SkeletonJelly the Carver (level 8, -1/63 HPs)
             Began as a Black Draconian Chaos Knight on Aug 26, 2021.
             Was a Plaything of Xom.
             Slain by a meliai (shapeshifter) (10 damage)
             ... on level 6 of the Dungeon.
             The game lasted 00:08:16 (5628 turns).

SkeletonJelly the Carver (DrCK)                     Turns: 5628, Time: 00:08:17

Health: -1/63      AC:  7    Str: 18    XL:     8   Next: 19%
Magic:  0/8        EV: 12    Int: 12    God:    Xom [....*.]
Gold:   125        SH:  0    Dex: 10    Spells: 7/7 levels left

rFire   + + .      SeeInvis .   a - +0 falchion (chaos)
rCold   . . .      Faith    .   (no shield)
rNeg    . . .      Spirit   +   (armour unavailable)
rPois   .          Reflect  .   (helmet restricted)
rElec   +          Harm     .   (no cloak)
rCorr   .          Rampage  .   h - +0 pair of gloves
Will    .....                   (no boots)
Stlth   +.........              p - amulet of guardian spirit
HPRegen 0.20/turn               r - ring of protection from fire
MPRegen 0.11/turn               y - ring of protection from fire

@: lethally poisoned (-1 -> -25)
A: breathe lightning, AC +6, unfitting armour, electricity resistance,
cold-blooded
a: Breathe Lightning, Renounce Religion


You were on level 6 of the Dungeon.
You worshipped Xom.
You were a beloved toy of Xom.
You visited 1 branch of the dungeon, and saw 5 of its levels.

You collected 125 gold pieces.

Inventory:

Hand Weapons
 a - a +0 falchion of chaos (weapon)
 q - a +0 shortbow of freezing
Missiles
 k - 15 poisoned darts
Armour
 h - a +0 pair of gloves (worn)
Jewellery
 p - an amulet of guardian spirit (around neck)
 r - a ring of protection from fire (left hand)
 y - a ring of protection from fire (right hand)
Scrolls
 c - 3 scrolls of enchant weapon {unknown}
 e - a scroll of torment {unknown}
 l - 2 scrolls of vulnerability {unknown}
 m - a scroll of enchant armour {unknown}
 n - a scroll of identify {unknown}
 o - a scroll of amnesia {unknown}
 s - a scroll of teleportation {unknown}
 t - a scroll of magic mapping {unknown}
 w - a scroll of summoning {unknown}
 x - a scroll of silence {unknown}
Potions
 b - a potion of curing {unknown}
 d - 2 potions of haste {unknown}
 f - 3 potions of resistance {unknown}
 g - a potion of flight {unknown}
 i - a potion of attraction {unknown}
 j - a potion of cancellation {unknown}
 u - 2 potions of magic {unknown}
 v - a potion of mutation {unknown}
 z - a potion of invisibility {unknown}


   Skills:
 - Level 3.2 Fighting
 + Level 10.2 Long Blades
 - Level 2.1 Dodging


You had 7 spell levels left.
You didn't know any spells.
Your spell library contained the following spells:

 Spells                   Type           Power      Damage    Failure   Level
 Slow                     Hex            0%         N/A       45%         2
 Confusing Touch          Hex            0%         N/A       69%         3
 Yara's Violent Unravell  Hex/Tmut       0%         3d3       100%        5


Dungeon Overview and Level Annotations

Branches:
Dungeon (6/15)
 Temple: D:4-7

Altars:
Kikubaaqudgha
Xom

Shops:
D:5 ((*(


Innate Abilities, Weirdness & Mutations

You can breathe wild blasts of lightning.
Your glossy black scales are hard. (AC +6)
You cannot fit into any form of body armour.
You are resistant to electric shocks. (rElec)
You are cold-blooded and may be slowed by cold attacks.


Message History

The killer bee zombie barely misses you.
You hit the killer bee zombie but do no damage.
The killer bee zombie resists with some effort.
The killer bee zombie is severely damaged.
The killer bee zombie hits you.
You take 1 damage, and have 54/63 hp.
You hit the killer bee zombie.
You destroy the killer bee zombie!
No target in view!
No target in view!
No target in view!
No target in view!
You hear the rusting of a very distant drain.
Your extra speed is starting to run out.
You feel yourself slow down.
Key pressed, stopping explore.
Found a ring mail.
Health restored: 63; MP restored: 8
z - a blue potion
Found a twisted flail.
A centaur skeleton comes into view.
You hear the rusting of a very distant drain.
Found a rapier.
Found a stone staircase leading up.
An ice beast comes into view.
You hit the centaur skeleton. You burn the centaur skeleton.
You tail-slap the centaur skeleton.
The centaur skeleton is moderately damaged.
The centaur skeleton closely misses you.
You riposte.
You slash the centaur skeleton!
The centaur skeleton is severely damaged.
The centaur skeleton kicks you but does no damage.
You hit the centaur skeleton. You tail-slap the centaur skeleton.
The centaur skeleton is almost destroyed.
The centaur skeleton barely misses you.
The centaur skeleton closely misses you.
You hit the centaur skeleton but do no damage.
The centaur skeleton is almost destroyed.
The centaur skeleton closely misses you.
You riposte.
You slash the centaur skeleton!
You destroy the centaur skeleton!
The ice beast hits you. The ice beast freezes you!
You feel yourself slow down.
You see here the +8 flail "Nokkaesa" {drain, Will+ rCorr}.
You take 12 damage, and have 51/63 hp.
You now have 6/8 mp.
You hit the ice beast.
The ice beast changes into a shapeshifter! "This might be better!"
The shapeshifter looks momentarily different.
The shapeshifter changes into a meliai!
You hit the meliai. You burn the meliai.
The meliai is lightly wounded.
You feel yourself speed up. The meliai barely misses you.
You riposte.
You hit the meliai. You burn the meliai.
The meliai is moderately wounded.
The meliai stings you! The meliai hits you.
The meliai stings you but does no damage.
You take 8 damage, and have 44/63 hp.
You now have 5/8 mp.
You hit the meliai but do no damage.
The meliai easily resists.
The meliai is moderately wounded.
The meliai barely misses you. The meliai stings you!
The meliai hits you but does no damage. The meliai closely misses you.
You take 6 damage, and have 38/63 hp.
You now have 4/8 mp.
You closely miss the meliai.
The meliai is moderately wounded.
The meliai closely misses you.
You riposte.
You hit the meliai. You burn the meliai.
The meliai is moderately wounded.
The meliai stings you.
You are poisoned.
The meliai poisons you!
You take 1 damage, and have 37/63 hp.
You barely miss the meliai.
Your tail-slap misses the meliai.
The meliai is moderately wounded.
You feel very sick. The meliai hits you.
The meliai barely misses you. x2; The meliai stings you.
You are lethally poisoned!
The meliai poisons you!
You take 12 damage, and have 25/63 hp.
You are too injured to fight recklessly!
You are too injured to fight recklessly!
You are too injured to fight recklessly!
You hit the meliai.
The meliai goes berserk!
The meliai is heavily wounded.
You feel extremely sick. The meliai hits you!
* * * LOW HITPOINT WARNING * * *
The meliai barely misses you. x2; The meliai misses you.
You take 11 damage, and have 14/63 hp.
You now have 2/8 mp.
You hit the meliai. You burn the meliai.
Your tail-slap misses the meliai.
The meliai is heavily wounded.
* * * LOW HITPOINT WARNING * * *
You feel very sick. The meliai hits you but does no damage.
The meliai barely misses you. The meliai closely misses you.
You riposte.
You closely miss the meliai.
Your tail-slap misses the meliai.
The meliai is heavily wounded.
The meliai stings you but does no damage.
The meliai hits you!
You die...
Xom is highly amused!

[ .......... .
#..........# .# ..
#..........# .#
..##..........# .#
.............# .# #
##..##..##..####.##)#
#.....#.............#
##...................#
................@y..<#
.#####.#...#............
## #.#.###..........##
#.#.# #..........# #.#.#
#..........# ....#
#..........# #### ..###
#.........## †..# #.
#.........# .....#


You could see a meliai shaped shifter (berserk).

Vanquished Creatures
  Sigmund (D:2)
  A black bear (D:6)
  2 ogres (D:5)
  2 necrophages
  A centaur (D:5)
  2 phantoms (D:5)
  2 scorpions (D:5)
  A jelly (D:5)
  A centaur skeleton (D:6)
  2 killer bee zombies
  Robin (D:2)
  2 gnolls (D:5)
  4 adders
  A worm (D:2)
  4 dart slugs
  An orc (D:5)
  7 ball pythons
  4 bats
  3 endoplasms (D:1)
  A giant cockroach (D:2)
  14 goblins
  7 hobgoblins
  A quokka (D:1)
  4 frilled lizards
  5 kobolds
  8 rats
82 creatures vanquished.

Vanquished Creatures (collateral kills)
  A gnoll (D:5)
1 creature vanquished.

Vanquished Creatures (others)
  2 demonic plants (D:1)
  4 fungi (D:1)
6 creatures vanquished.

Grand Total: 89 creatures vanquished

Notes
Turn   | Place    | Note
-------+----------+-------------------------------------------
     0 | D:1      | SkeletonJelly the Draconian Chaos Knight began the quest
                  | for the Orb.
     0 | D:1      | Reached XP level 1. HP: 19/19 MP: 1/1
   202 | D:1      | Reached XP level 2. HP: 20/26 MP: 2/2
   214 | D:1      | XOM: silly message
   309 | D:1      | Found a faded altar of an unknown god.
  1238 | D:2      | Reached skill level 4 in Long Blades
  1247 | D:1      | Reached XP level 3. HP: 9/31 MP: 3/3
  1526 | D:2      | XOM is BORED!
  1526 | D:2      | XOM: noise
  1590 | D:2      | Noticed Sigmund
  1719 | D:2      | Found an ancient bone altar of Kikubaaqudgha.
  1783 | D:2      | Noticed Robin
  1817 | D:2      | XOM: scenery: create altars
  1841 | D:2      | Killed Robin
  1906 | D:2      | XOM: cloud trail
  2033 | D:2      | XOM: noise
  2066 | D:2      | Reached XP level 4. HP: 38/38 MP: 4/4
  2095 | D:2      | Reached skill level 5 in Long Blades
  2122 | D:2      | XOM: 2-stop teleportation journey
  2138 | D:2      | XOM: scenery: 1 doors close
  2201 | D:2      | XOM: silly message
  2399 | D:2      | Killed Sigmund
  2400 | D:2      | Reached skill level 6 in Long Blades
  2400 | D:2      | Reached XP level 5. HP: 15/45 MP: 5/5
  2401 | D:2      | XOM: noise
  2497 | D:2      | XOM: silly message
  3408 | D:3      | You fall into a shaft and drop 2 floors!
  3408 | D:5      | Entered Level 5 of the Dungeon
  3408 | D:5      | Found Amemume's Antique Weapon Shoppe.
  3438 | D:5      | XOM: cloud trail
  3439 | D:5      | Reached XP level 6. HP: 51/51 MP: 6/6
  3465 | D:5      | Reached skill level 7 in Long Blades
  3650 | D:5      | XOM: silly message
  3678 | D:5      | XOM: confuse monster(s)
  3681 | D:5      | XOM: silly message
  3738 | D:5      | XOM: potion effect (brilliance)
  3739 | D:5      | XOM: butterfly on damage
  3743 | D:5      | Reached skill level 8 in Long Blades
  3743 | D:5      | Your scales start taking on a glossy black colour.
  3743 | D:5      | Reached XP level 7. HP: 40/57 MP: 7/7
  3743 | D:5      | Gained mutation: You are resistant to electric shocks.
                  | (rElec) [Black Draconian growth]
  3844 | D:5      | Found Mobbeumu's Assorted Antiques.
  3859 | D:5      | XOM: potion effect (berserk rage)
  3868 | D:5      | XOM: potion effect (heal wounds)
  3883 | D:5      | XOM: 3-stop teleportation journey
  4128 | D:5      | XOM: potion effect (might)
  4162 | D:5      | Reached skill level 9 in Long Blades
  4214 | D:5      | Found Geclis's Weapon Boutique.
  4332 | D:5      | XOM: potion effect (curing)
  4579 | D:5      | XOM: potion effect (brilliance)
  4967 | D:5      | Found Nuweo's Weapon Shoppe.
  4996 | D:5      | XOM: silly message
  5351 | D:6      | Reached XP level 8. HP: 41/62 MP: 5/8
  5481 | D:6      | XOM: silly message
  5492 | D:6      | Reached skill level 10 in Long Blades
  5535 | D:6      | XOM: potion effect (haste)
  5621 | D:6      | Identified the +8 flail "Nokkaesa" {drain, Will+ rCorr}
  5622 | D:6      | Noticed a shapeshifter
  5622 | D:6      | an ice beast changed into a shapeshifter
  5622 | D:6      | XOM: polymorph shapeshifter -> shapeshifter
  5622 | D:6      | Noticed a meliai
  5622 | D:6      | a shapeshifter changed into a meliai
  5628 | D:6      | Slain by a meliai (shapeshifter)

Illustrated notes

Levels and vault maps discovered:
D:1:      evilmike_arrival_crescent, layout_basic, shapermc_ecumenical_altar_gd
D:2:      wad_river_or_something, layout_loops_corners, basic_altar,
          corexii_shack, wad_floor_pattern_1, chequers_serial_rivers_micro_c,
          hangedman_glass_teeth, chequers_serial_rivers_room_a, uniq_robin,
          uniq_sigmund
D:3:      layout_basic, mainiacjoe_overflow_chevrons, minitemple
D:5:      layout_basic, serial_shops, shop, shop, nicolae_shop_crystal,
          minmay_shop_grid_forest
D:6:      layout_rooms, gup_sewer_entry_bubbles, uniq_grinder

Skill      XL: |  1  2  3  4  5  6  7  8 |
---------------+-------------------------+-----
Long Blades    | 4 6 8 9 10 | 10.2
Fighting       | |  3.2
Dodging        | |  2.1

Action                   |  1- 3 |  4- 6 |  7- 9 || total
-------------------------+-------+-------+-------++-------
Melee: Falchion          |    92 |    76 |   116 ||   284
       Tailslap          |     8 |     7 |    12 ||    27
 Abil: Breathe Lightning |       |       |     1 ||     1
 Stab: Paralysed         |     1 |       |       ||     1
       Sleeping          |     1 |       |       ||     1
Armor: Skin              |    44 |    12 |    38 ||    94
Dodge: Dodged            |    70 |    40 |    76 ||   186
       Rpst.: Falchion   |    27 |    16 |    19 ||    62

Table legend: (Time is in decaauts)
 A = Elapsed time spent in this place.
 B = Non-inter-level travel time spent in this place.
 C = Inter-level travel time spent in this place.
 D = Time resting spent in this place.
 E = Time spent auto-exploring this place.
 F = Levels seen in this place.
 G = Mean time per level.
                   A        B        C        D        E       F      G
               +--------+--------+--------+--------+--------+-----+--------+
         Total |   5615 |   5484 |    131 |      0 |   4757 |   5 | 1123.0 |
       Dungeon |   5615 |   5484 |    131 |      0 |   4757 |   5 | 1123.0 |
               +--------+--------+--------+--------+--------+-----+--------+

Top non-repeatable levels by time:
     D:5: 1927 daAuts
     D:2: 1758 daAuts
     D:1: 1568 daAuts
     D:6: 265 daAuts
     D:3: 96 daAuts
